 Dungeon Crawl Stone Soup version 0.31-a0-506-g3d79149578 (console) character file.

Game seed: 11203058110644142471

133 Lexodia the Sneak (level 5, -3/28 HPs)
             Began as a Kobold Enchanter on Aug 9, 2023.
             Killed by nerve-wracking pain
             ... invoked by an orc priest
              (11 damage)
             ... on level 3 of the Dungeon.
             The game lasted 00:05:01 (2508 turns).

Lexodia the Sneak (Kobold Enchanter)                Turns: 2508, Time: 00:05:05

Health: -3/28      AC:  2    Str:  6    XL:     5   Next: 39%
Magic:  1/9        EV: 15    Int: 16    God:
Gold:   119        SH:  0    Dex: 17    Spells: 7/9 levels left

rFire   . . .        a - +1 dagger
rCold   . . .        (no shield)
rNeg    . . .        b - +0 robe
rPois   +            (helmet restricted)
rElec   .            (no cloak)
rCorr   .            (no gloves)
SInv    .            (no boots)
Will    +....        (no amulet)
Stlth   ++++         f - ring of poison resistance
HPRegen 0.24/turn    g - ring of willpower
MPRegen 0.11/turn

%: no passive effects
@: very slightly contaminated
A: small, no large weapons, nightstalker 3, horns 1, no potion heal 1,
MP-powered wands
a: no special abilities


You were on level 3 of the Dungeon.
You visited 1 branch of the dungeon, and saw 4 of its levels.

You collected 119 gold pieces.

Inventory:

Hand Weapons
 a - a +1 dagger (weapon)
Missiles
 i - 2 throwing nets
Armour
 b - a +0 robe (worn)
Jewellery
 f - a ring of poison resistance (left hand)
 g - a ring of willpower (right hand)
 m - a ring of flight
Scrolls
 d - 6 scrolls of identify {unknown}
 e - 2 scrolls of butterflies {unknown}
 h - 2 scrolls of poison {unknown}
 k - 2 scrolls of teleportation {unknown}
 l - a scroll of vulnerability {unknown}
 o - a scroll of fog {unknown}
Potions
 c - 4 potions of invisibility
 j - 2 potions of mutation
 n - a potion of attraction {unknown}


   Skills:
 * Level 3.8 Short Blades
 + Level 0.6 Throwing
 + Level 3.3 Dodging
 + Level 4.8 Stealth
 + Level 2.8 Spellcasting
 + Level 3.5 Hexes


You had 7 spell levels left.
You knew the following spells:

 Your Spells              Type           Power      Damage    Failure   Level
a - Ensorcelled Hibernat  Hex/Ice        14%        N/A       14%         2

Your spell library contained the following spells:

 Spells                   Type           Power      Damage    Failure   Level
 Confusing Touch          Hex            13%        N/A       13%         3
 Tukima's Dance           Hex            13%        N/A       13%         3
 Freeze                   Ice            8%         1d3       19%         1
 Dazzling Flash           Conj/Hex       14%        N/A       28%         3
 Frozen Ramparts          Ice            4%         1d1       50%         3
 Hailstorm                Conj/Ice       2%         3d3       50%         3


Dungeon Overview and Level Annotations

Branches:
Dungeon (4/15)
 Temple: D:4-7

Altars:


Innate Abilities, Weirdness & Mutations

You are small and have problems with some larger weapons.
You are completely attuned to the shadows.
You have a pair of small horns on your head.
Potions are less effective at restoring your health.
You expend magic power (3 MP) to strengthen your wands.


Message History

There is a stone staircase leading down here.
You climb downwards.
There is a stone staircase leading up here.
An orc comes into view. It is wielding a +0 hand axe.
The orc priest resists with some effort.
The orc priest hits you with a +0 mace.
Damage: -14%(-4hp) hp: 86%(24hp)
The orc priest resists with some effort.
The orc priest hits you with a +0 mace!
Huge Dmg: -28%(-8hp) hp: 58%(16hp)
You miscast Ensorcelled Hibernation.
You are very lightly contaminated with residual magic.
Nothing appears to happen.
The orc priest invokes the aid of Beogh against you.
Pain shoots through your body!
Huge Dmg: -25%(-7hp) hp: 33%(9hp)
You are too injured to fight recklessly!
Casting: Ensorcelled Hibernation (safe; 14% risk of failure)
Confirm with . or Enter, or press ? or * to list all spells.
Aiming: Ensorcelled Hibernation (safe; 14% risk of failure)
Press: ? - help, Shift-Dir - straight line, f/p - orc priest
Aim: an orc priest, wielding a +0 mace and wearing a +0 leather armour (chance to affect: 40%)
The orc priest resists with some effort.
The orc wizard shouts!
The orc priest hits you with a +0 mace.
* * * LOW HITPOINT WARNING * * *
Huge Dmg: -8%(-2hp) hp: 25%(7hp)
The orc attacks as you move away! The orc barely misses you.
There is a stone staircase leading up here.
The orc completely misses you. The orc priest misses you.
You climb upwards.
There is a stone staircase leading down here.
It was a potion of mutation.
You feel extremely strange.
Your system partially rejects the healing effects of potions.
A pair of horns grows on your head!
You feel your magical essence link to the dungeon's wands.
The orc barely misses you.
The orc priest mumbles some strange prayers to Beogh against you.
Pain shoots through your body!
You die...

.# #........# #.###.###### .#
#........# #####%.....#.... .#
#..(.....#####...............
.####..............^.............
......<.......#####..............
#.#########.#...###.........[....
#.# #.###.##........>...... #.#
#.###.o................ #.###
#####....o@.##.............
....###.........#.###............
#.......#######.#.####.....##>...
##...##.#######.#..# ############
...####............##
.#...####.)..####...##########
####.###..##..###.#.#........# #
#.##..####..##...#........#
#....## ##...............#


You could see an orc priest and an orc.

Vanquished Creatures
  Terence (D:2)
  3 gnolls (D:2)
  3 adders (D:2)
  A dart slug (D:3)
  6 endoplasms
  3 giant cockroaches
  2 goblins (D:1)
  4 hobgoblins (D:1)
  2 jackals (D:1)
  5 kobolds
  A quokka (D:1)
  5 ball pythons
  5 bats
  3 frilled lizards (D:1)
  4 rats
48 creatures vanquished.

Notes
Turn   | Place    | Note
-------+----------+-------------------------------------------
     0 | D:1      | Lexodia the Kobold Enchanter began the quest for the Orb.
     0 | D:1      | Reached XP level 1. HP: 10/10 MP: 3/3
   170 | D:1      | Reached XP level 2. HP: 15/15 MP: 5/5
   173 | D:1      | Learned a level 2 spell: Ensorcelled Hibernation
   194 | D:1      | Huge Dmg: 2 dmg
   689 | D:1      | Huge Dmg: 3 dmg
   742 | D:1      | Huge Dmg: 4 dmg
   816 | D:1      | Reached XP level 3. HP: 19/19 MP: 6/6
  1221 | D:2      | Found a faded altar of an unknown god.
  1225 | D:2      | Huge Dmg: 4 dmg
  1228 | D:2      | Reached XP level 4. HP: 13/24 MP: 2/7
  1709 | D:2      | Noticed Terence
  1712 | D:2      | Killed Terence
  1713 | D:2      | Reached XP level 5. HP: 28/28 MP: 9/9
  2503 | D:4      | Huge Dmg: 8 dmg
  2504 | D:4      | Huge Dmg: 7 dmg
  2505 | D:4      | Huge Dmg: 2 dmg
  2508 | D:3      | Gained mutation: Potions are less effective at restoring
                  | your health. [potion of mutation]
  2508 | D:3      | Gained mutation: You have a pair of small horns on your
                  | head. [potion of mutation]
  2508 | D:3      | Gained mutation: You expend magic power (3 MP) to
                  | strengthen your wands. [potion of mutation]
  2508 | D:3      | Killed from afar by an orc priest

Illustrated notes

Levels and vault maps discovered:
D:1:      sevenhm_arrival_forest_fort_large_4, layout_basic,
          serial_bayou_lagoon_a
D:2:      layout_loops_ring, ebering_ecumenical_altar_petrified,
          solitary_fountain, uniq_terence
D:3:      layout_rooms
D:4:      layout_gridville, nicolae_overflow_hidden_temple,
          nicolae_ea-nasir_strikes_again

Skill      XL: |  1  2  3  4 |
---------------+-------------+-----
Short Blades   | 2 3 |  3.8
Dodging        | 3 |  3.3
Throwing       | |  0.6
Stealth        | |  4.8
Spellcasting   | |  2.8
Hexes          | |  3.5

Action                     |  1- 3 |  4- 6 || total
---------------------------+-------+-------++-------
  Melee: Dagger            |    63 |    27 ||    90
         Punch             |       |     1 ||     1
   Cast: Ensorcelled Hiber |    11 |    10 ||    21
    Use: Potion            |       |     1 ||     1
   Stab: Sleeping          |    22 |    17 ||    39
 Armour: Robe              |     6 |       ||     6
  Dodge: Dodged            |    24 |    12 ||    36

Table legend: (Time is in decaauts)
 A = Elapsed time spent in this place.
 B = Non-inter-level travel time spent in this place.
 C = Inter-level travel time spent in this place.
 D = Time resting spent in this place.
 E = Time spent auto-exploring this place.
 F = Levels seen in this place.
 G = Mean time per level.
                   A        B        C        D        E       F      G
               +--------+--------+--------+--------+--------+-----+--------+
         Total |   2515 |   2471 |     44 |     35 |   2112 |   4 |  628.8 |
       Dungeon |   2515 |   2471 |     44 |     35 |   2112 |   4 |  628.8 |
               +--------+--------+--------+--------+--------+-----+--------+

Top non-repeatable levels by time:
     D:1: 1196 daAuts
     D:2: 784 daAuts
     D:3: 526 daAuts
     D:4: 7 daAuts
